 Dungeon Crawl Stone Soup version 0.30-a0-702-gdf48620a09 (webtiles) character file.

Game seed: 11383469393392727678

5478 Zdeegee the Thaumaturge (level 10, -2/48 (50) HPs)
             Began as a Deep Elf Earth Elementalist on Jan 21, 2023.
             Was an Elder of Vehumet.
             Slain by a wyvern (15 damage)
             ... on level 9 of the Dungeon.
             The game lasted 00:25:16 (10146 turns).

Zdeegee the Thaumaturge (DEEE)                     Turns: 10146, Time: 00:25:16

HP:   -2/48 (50)    AC:  2    Str:  5    XL:     10   Next: 42%
MP:   7/27          EV: 15    Int: 25    God:    Vehumet [****..]
Gold: 335           SH:  5    Dex: 15    Spells: 5/31 levels left

rFire   + . .      SeeInvis .    w - +1 dagger (venom)
rCold   . . .      Faith    .    (no shield)
rNeg    . . .      Spirit   .    a - +0 robe
rPois   .          Reflect  +    (no helmet)
rElec   .          Harm     .    M - scarf {rF+}
rCorr   .          Rampage  .    (no gloves)
Will    ++...                    (no boots)
Stlth   ++                       v - amulet of reflection
HPRegen 0.28/turn                I - ring of willpower
MPRegen 0.20/turn                (no ring)

@: lightly drained
A: no striking features
a: Renounce Religion


You were on level 9 of the Dungeon.
You worshipped Vehumet.
Vehumet was greatly pleased with you.
You visited 1 branch of the dungeon, and saw 9 of its levels.
You also visited: Sewer.

You collected 455 gold pieces.
You spent 120 gold pieces at shops.

Inventory:

Hand Weapons
 d - a +0 dagger
 e - a +0 short sword
 j - a +0 whip
 n - a +0 sling
 w - a +1 dagger of venom (weapon)
 y - a +2 short sword of holy wrath
 O - a +2 dagger of freezing
Missiles
 k - 74 stones
 u - a throwing net
 z - 8 curare-tipped darts
Armour
 a - a +0 robe (worn)
 M - a scarf of fire resistance (worn)
Jewellery
 m - an amulet of guardian spirit
 v - an amulet of reflection (around neck)
 I - a ring of willpower (left hand)
Wands
 E - a wand of flame (10)
 N - a wand of paralysis (1)
 P - a wand of roots (10)
Scrolls
 g - a scroll of vulnerability {unknown}
 l - 4 scrolls of teleportation
 o - a scroll of enchant armour {unknown}
 r - a scroll of immolation
 t - a scroll of torment
 x - a scroll of magic mapping
 D - a scroll of fog {unknown}
 G - a scroll of fear {unknown}
 H - 2 scrolls of blinking {unknown}
 J - 2 scrolls of poison
 R - a scroll of acquirement {unknown}
Potions
 b - 2 potions of magic
 c - 7 potions of heal wounds
 f - 4 potions of curing
 h - a potion of cancellation {unknown}
 i - 2 potions of flight
 p - 2 potions of might
 q - 2 potions of lignification
 s - 3 potions of attraction
 A - a potion of resistance {unknown}
 B - 2 potions of invisibility
 C - a potion of haste {unknown}
 F - a potion of berserk rage {unknown}
 K - 2 potions of brilliance {unknown}
 L - 2 potions of mutation


   Skills:
 + Level 0.2 Fighting
 * Level 6.3 Dodging
 + Level 3.1 Stealth
 * Level 11.1 Spellcasting
 * Level 4.3 Conjurations
 * Level 1.5 Hexes
 + Level 4.0 Summonings
 + Level 1.2 Transmutations
 * Level 2.6 Fire Magic
 * Level 5.0 Ice Magic
 * Level 8.6 Earth Magic
 + Level 0.4 Poison Magic
 + Level 3.9 Invocations
 + Level 4.1 Evocations


You had 5 spell levels left.
You knew the following spells:

 Your Spells              Type           Power      Damage    Failure   Level
a - Sandblast             Erth           100%       2d20      1%          1
b - Stone Arrow           Conj/Erth      92%        3d12      1%          3
c - Passwall              Tmut/Erth      31%        N/A       1%          2
d - Petrify               Tmut/Erth      38%        N/A       6%          4
e - Magic Dart            Conj           100%       1d8       1%          1
f - Call Canine Familiar  Summ           34%        N/A       2%          3
g - Freeze                Ice            100%       1d10      1%          1
h - Hailstorm             Conj/Ice       37%        3d9       1%          3
i - Summon Ice Beast      Ice/Summ       36%        N/A       7%          4
j - Olgreb's Toxic Radia  Pois           15%        N/A       11%         4

Your spell library contained the following spells:

 Spells                   Type           Power      Damage    Failure   Level
 Summon Small Mammal      Summ           100%       N/A       1%          1
 Poisonous Vapours        Pois/Air       28%        N/A       1%          2
 Mephitic Cloud           Conj/Pois/Air  21%        N/A       1%          3
 Summon Guardian Golem    Hex/Summ       28%        N/A       4%          3
 Cigotuvi's Dreadful Rot  Necr/Pois/Air  28%        N/A       6%          2
 Summon Mana Viper        Hex/Summ       28%        N/A       36%         5
 Passage of Golubria      Tloc           13%        N/A       41%         4
 Silence                  Hex/Air        8%         N/A       65%         5
 Lehudib's Crystal Spear  Conj/Erth      23%        10d6      99%         8
 Monstrous Menagerie      Summ           17%        N/A       100%        7


Dungeon Overview and Level Annotations

Branches:
Dungeon (9/15)             Temple (0/1) D:4            Lair (0/5) D:9
  Sewer (visited)
    Orc: D:9-12

Altars:
Hepliaklqana
Kikubaaqudgha
Qazlal
Trog
Vehumet

Shops:
D:4 (   D:6 *

Annotations:
D:1 2 transporters
D:7 2 transporters, FireHeadGirl's ghost, novice HuAr
D:8 2 transporters, Shayle's ghost, novice DsRe
D:9 Erica


Message History

Confirm with . or Enter, or press ? or * to list all spells.
Aiming: Stone Arrow (safe; 1% risk of failure)
Press: ? - help, Shift-Dir - straight line, f - wyvern
Aim: a wyvern (76% to hit)
The stone arrow hits the wyvern!
The wyvern is heavily wounded.
The wyvern bites you!
Unknown command.
Casting: Stone Arrow (safe; 1% risk of failure)
Confirm with . or Enter, or press ? or * to list all spells.
Aiming: Stone Arrow (safe; 1% risk of failure)
Press: ? - help, Shift-Dir - straight line, f/p - wyvern
Aim: a wyvern (heavily wounded, 76% to hit)
The stone arrow misses the wyvern.
The stone arrow misses the wight.
The stone arrow hits something!!
Vehumet accepts your kill.
You feel your power returning.
Reactivating autopickup.
You feel a bit more experienced. The wyvern barely misses you.
Unknown command.
Casting: Stone Arrow (safe; 1% risk of failure)
Confirm with . or Enter, or press ? or * to list all spells.
Aiming: Stone Arrow (safe; 1% risk of failure)
Press: ? - help, Shift-Dir - straight line, f/p - wyvern
Aim: a wyvern (heavily wounded, 76% to hit)
The stone arrow hits the wyvern.
The wyvern is severely wounded.
The wyvern bites you! The wyvern barely misses you.
The wight hits you with a +4 hand axe!
* * * LOW HITPOINT WARNING * * *
You feel drained.
* * * LOW HITPOINT WARNING * * *
Unknown command.
Casting: Stone Arrow (safe; 1% risk of failure)
Confirm with . or Enter, or press ? or * to list all spells.
Aiming: Stone Arrow (safe; 1% risk of failure)
Press: ? - help, Shift-Dir - straight line, f/p - wyvern
Aim: a wyvern (severely wounded, 76% to hit)
The stone arrow misses the wyvern.
The wyvern bites you!
You die...

..#....##.........#
.P##...###.......#
PPP..#.####......#
>P..≈#..# #.....##
PPPP..#..####....####.
P..##.........).#....#
...#...............##
.≈...#...#####lz..## #
##....# #@...###
##.#....## ##......#
........# ##....##...
........####.)...# ##.
.........##..##..#
............####..#
..###.............# .#
##..).).........
##..<)......#..#


You could see a wyvern and a wight.

Vanquished Creatures
  A two-headed ogre (D:5)
  Edmund (D:5)
  3 water moccasins
  An orc warrior (D:9)
  An ice beast (D:6)
  2 sky beasts (D:7)
  3 black bears
  2 centaurs (D:6)
  3 ogres
  A lemure (D:8)
  11 kobold brigands (Sewer)
  4 bullfrogs
  3 necrophages
  3 scorpions
  2 gnoll sergeants (D:7)
  5 wights
  2 jellies
  4 killer bees (D:7)
  2 vampire bats (D:3)
  A howler monkey (D:9)
  2 orc priests
  3 hounds
  A gnoll bouda (D:6)
  2 iguanas (D:5)
  8 orc wizards
  11 gnolls
  11 adders
  3 river rats (Sewer)
  A shadow imp (D:7)
  2 white imps
  An ufetubus (D:5)
  3 worms
  A dart slug (D:1)
  18 orcs
  7 ball pythons
  2 bat skeletons (D:3)
  4 bat zombies (D:3)
  6 endoplasms
  5 giant cockroaches
  4 goblins
  7 hobgoblins
  4 jackals
  12 kobolds
  4 quokkas
  9 bats
  3 frilled lizards
  4 rats
193 creatures vanquished.

Vanquished Creatures (collateral kills)
  Pikel (D:8)
  A howler monkey (D:9)
  An orc priest (D:8)
  An orc wizard (D:8)
  An orc (D:8)
5 creatures vanquished.

Vanquished Creatures (others)
  6 fungi
6 creatures vanquished.

Grand Total: 204 creatures vanquished

Notes
Turn   | Place    | Note
-------+----------+-------------------------------------------
     0 | D:1      | Zdeegee the Deep Elf Earth Elementalist began the quest for
                  | the Orb.
     0 | D:1      | Reached XP level 1. HP: 10/10 MP: 6/6
   158 | D:1      | Reached XP level 2. HP: 13/15 MP: 5/8
   617 | D:1      | Reached XP level 3. HP: 19/19 MP: 7/9
  1123 | D:2      | Found a radiant altar of Vehumet.
  1135 | D:2      | Became a worshipper of Vehumet
  1298 | D:2      | Learned a level 3 spell: Stone Arrow
  1301 | D:2      | Learned a level 2 spell: Passwall
  1395 | D:2      | Reached skill level 1 in Invocations
  1552 | D:2      | Found a faded altar of an unknown god.
  1938 | D:3      | Reached skill level 1 in Evocations
  1938 | D:3      | Reached XP level 4. HP: 24/24 MP: 7/11
  1939 | D:3      | Reached skill level 4 in Spellcasting
  1945 | D:3      | Learned a level 4 spell: Petrify
  2070 | D:3      | Reached skill level 1 in Ice Magic
  2181 | D:3      | Reached * piety under Vehumet
  2181 | D:3      | Offered knowledge of Magic Dart by Vehumet.
  2223 | D:3      | Learned a level 1 spell: Magic Dart
  2343 | D:3      | Found an ancient bone altar of Kikubaaqudgha.
  2348 | D:3      | Reached XP level 5. HP: 24/28 MP: 8/13
  2643 | D:4      | Found Asur Moyg's Antique Weapon Boutique.
  2672 | D:4      | Found a stormy altar of Qazlal.
  2808 | D:4      | Found a staircase to the Ecumenical Temple.
  2915 | D:4      | Noticed a black bear
  2931 | D:4      | Killed a black bear
  2932 | D:4      | Reached skill level 1 in Summonings
  2932 | D:4      | Reached XP level 6. HP: 32/32 MP: 4/15
  2936 | D:4      | Learned a level 3 spell: Call Canine Familiar
  3105 | D:4      | Found a bloodstained altar of Trog.
  3364 | D:5      | Entered Level 5 of the Dungeon
  3420 | D:5      | Reached skill level 5 in Spellcasting
  3420 | D:5      | Reached skill level 1 in Conjurations
  3420 | D:5      | Reached skill level 5 in Earth Magic
  3432 | D:5      | Found a glowing drain.
  3510 | Sewer    | Entered a sewer
  3618 | Sewer    | Reached XP level 7. HP: 36/36 MP: 14/17
  3667 | Sewer    | Reached ** piety under Vehumet
  3667 | Sewer    | Offered knowledge of Freeze by Vehumet.
  3670 | Sewer    | Learned a level 1 spell: Freeze
  3706 | Sewer    | Reached skill level 6 in Spellcasting
  4353 | Sewer    | Reached XP level 8. HP: 28/41 MP: 0/20
  4558 | Sewer    | Reached skill level 7 in Spellcasting
  5118 | D:5      | Noticed a two-headed ogre
  5141 | D:5      | Killed a two-headed ogre
  5142 | D:5      | Reached skill level 8 in Spellcasting
  5142 | D:5      | Reached XP level 9. HP: 45/45 MP: 15/23
  5380 | D:5      | Noticed Edmund
  5386 | D:5      | Killed Edmund
  5386 | D:5      | Offered knowledge of Static Discharge by Vehumet.
  5894 | D:5      | Reached skill level 5 in Dodging
  5937 | D:5      | Reached skill level 9 in Spellcasting
  6574 | D:6      | Found Uvicix's Fire Supplies.
  6602 | D:6      | Bought a scarf of fire resistance for 120 gold pieces
  6798 | D:6      | Reached *** piety under Vehumet
  7275 | D:7      | Found a transporter.
  7277 | D:7      | Found a transporter.
  7277 | D:7      | Noticed FireHeadGirl's ghost (novice HuAr)
  7427 | D:7      | Found a hazy altar of Hepliaklqana.
  7945 | D:7      | Reached skill level 10 in Spellcasting
  7971 | D:7      | Offered knowledge of Hailstorm by Vehumet.
  7978 | D:7      | Learned a level 3 spell: Hailstorm
  8057 | D:7      | Reached XP level 10. HP: 50/50 MP: 23/26
  8676 | D:8      | Found a transporter.
  8676 | D:8      | Noticed Shayle's ghost (novice DsRe)
  8682 | D:8      | Learned a level 4 spell: Summon Ice Beast
  8683 | D:8      | Noticed a cyclops
  8745 | D:8      | Found a transporter.
  8849 | D:8      | Noticed Pikel
  8857 | D:8      | Killed Pikel
  8858 | D:8      | Reached skill level 11 in Spellcasting
  8858 | D:8      | Reached skill level 1 in Hexes
  8858 | D:8      | Reached skill level 1 in Fire Magic
  9034 | D:8      | Reached **** piety under Vehumet
  9042 | D:8      | Offered knowledge of Olgreb's Toxic Radiance by Vehumet.
  9048 | D:8      | Learned a level 4 spell: Olgreb's Toxic Radiance
  9656 | D:9      | Noticed Erica
  9837 | D:8      | Reached skill level 5 in Ice Magic
 10084 | D:9      | Found a staircase to the Lair.
 10146 | D:9      | Slain by a wyvern

Illustrated notes

Levels and vault maps discovered:
D:1:      spicycebolla_arrival_transporter_tutorial, layout_basic,
          grunt_decor_arrowhead
D:2:      layout_rooms, nicolae_ecumenical_lake_church, basic_altar,
          grunt_decor_mini_mirrors, minmay_fountain_box, minmay_pentomino_v2
D:3:      layout_rooms, kennysheep_vampire_church
D:4:      layout_rooms, mainiacjoe_overflow_chevrons,
          mainiacjoe_overflow_boulevard, minmay_temple_entry_statues_fountains,
          serial_shops, shop
D:5:      layout_basic, portal_sewer_entry_b, uniq_edmund
D:6:      layout_basic, hangedman_decor_peaks_small, nicolae_shop_fire_sale
          [nicolae_sub_dead_trees], lemuel_flamethrower_1
D:7:      layout_loops_corners, lemuel_round_altar, gammafunk_ghost_arena
D:8:      layout_basic, gammafunk_ghost_arena, minmay_hedge_maze, uniq_pikel
D:9:      layout_layer_cave, nicolae_overflow_hidden_temple,
          nzn_wu_jian_council_hall, dpeg_oklobed_lair,
          nicolae_figureground_sparkle, uniq_erica

Skill      XL: |  1  2  3  4  5  6  7  8  9 10 |
---------------+-------------------------------+-----
Earth Magic    | 4 5 6 7 8 |  8.6
Invocations    | 1 2 3 |  3.9
Evocations     | 1 2 3 4 |  4.1
Spellcasting   | 4 5 6 8 10 11 | 11.1
Ice Magic      | 1 2 3 4 5 |  5.0
Summonings     | 1 2 3 4 |  4.0
Conjurations   | 1 2 3 4 |  4.3
Dodging        | 3 4 6 |  6.3
Stealth        | 3 |  3.1
Hexes          | 1 |  1.5
Fire Magic     | 2 |  2.6
Fighting       | |  0.2
Transmutations | |  1.2
Poison Magic   | |  0.4

Action                   |  1- 3 |  4- 6 |  7- 9 | 10-12 || total
-------------------------+-------+-------+-------+-------++-------
Melee: Unarmed           |     3 |       |       |       ||     3
       Short sword       |     4 |       |       |       ||     4
       Whip              |       |     8 |       |       ||     8
       Dagger            |       |       |     1 |     1 ||     2
Throw: Dart              |       |       |     2 |       ||     2
 Cast: Sandblast         |    51 |    58 |    83 |    46 ||   238
       Stone Arrow       |     1 |     9 |    57 |     6 ||    73
       Magic Dart        |       |     2 |    31 |     1 ||    34
       Call Canine Famil |       |       |    13 |     2 ||    15
       Freeze            |       |       |     2 |       ||     2
       Petrify           |       |       |     4 |     1 ||     5
       Summon Ice Beast  |       |       |       |     9 ||     9
       Olgreb's Toxic Ra |       |       |       |     3 ||     3
       Hailstorm         |       |       |       |     3 ||     3
Evoke: Wand              |       |       |     1 |       ||     1
  Use: Scroll            |     2 |     3 |     7 |     3 ||    15
       Potion            |       |       |     1 |     4 ||     5
 Stab: Sleeping          |       |       |     1 |       ||     1
Armor: Robe              |     7 |     4 |     3 |       ||    14
Dodge: Dodged            |    15 |    29 |    39 |    24 ||   107
Block: Other             |       |     4 |     9 |     8 ||    21
       Reflection        |       |       |     3 |       ||     3

Table legend: (Time is in decaauts)
 A = Elapsed time spent in this place.
 B = Non-inter-level travel time spent in this place.
 C = Inter-level travel time spent in this place.
 D = Time resting spent in this place.
 E = Time spent auto-exploring this place.
 F = Levels seen in this place.
 G = Mean time per level.
                   A        B        C        D        E       F      G
               +--------+--------+--------+--------+--------+-----+--------+
         Total |  10445 |  10280 |    165 |   1534 |   7141 |  10 | 1044.5 |
       Dungeon |   8932 |   8767 |    165 |   1239 |   6192 |   9 |  992.4 |
         Sewer |   1513 |   1513 |      0 |    295 |    948 |   1 | 1513.0 |
               +--------+--------+--------+--------+--------+-----+--------+

Top non-repeatable levels by time:
   Sewer: 1513 daAuts
     D:8: 1459 daAuts
     D:5: 1359 daAuts
     D:7: 1343 daAuts
     D:6: 1185 daAuts
     D:1: 1108 daAuts
     D:2: 800 daAuts
     D:3: 776 daAuts
     D:4: 726 daAuts
     D:9: 172 daAuts
